 Dungeon Crawl Stone Soup version 0.30.1 (webtiles) character file.

Game seed: 11663072136397413352

3 ImCrs the Slasher (level 1, 0/20 HPs)
             Began as a Gnoll Reaver on July 12, 2023.
             Succumbed to a goblin's poison
             ... on level 1 of the Dungeon.
             The game lasted 00:01:51 (78 turns).

ImCrs the Slasher (Gnoll Reaver)                      Turns: 78, Time: 00:01:51

Health: 0/20       AC:  3    Str: 11    XL:     1   Next: 50%
Magic:  6/6        EV: 12    Int: 12    God:
Gold:   0          SH:  0    Dex: 10    Spells: 8/9 levels left

rFire   . . .        a - +0 falchion
rCold   . . .        (no shield)
rNeg    . . .        b - +0 leather armour
rPois   .            (no helmet)
rElec   .            (no cloak)
rCorr   .            (no gloves)
SInv    .            (no boots)
Will    .....        (no amulet)
Stlth   +            (no ring)
HPRegen 0.23/turn    (no ring)
MPRegen 0.10/turn

%: no passive effects
@: lethally poisoned (0 -> -5)
A: fangs 1, strong nose, distributed training
a: no special abilities


You were on level 1 of the Dungeon.
You visited 1 branch of the dungeon, and saw 1 of its levels.

Inventory:

Hand Weapons
 a - a +0 falchion (weapon)
 e - a +0 dagger
Missiles
 d - 3 stones
Armour
 b - a +0 leather armour (worn)
Potions
 c - a potion of cancellation {unknown}


   Skills:
 + Level 4.4 Fighting
 + Level 0.0 Short Blades
 + Level 6.4 Long Blades
 + Level 0.0 Axes
 + Level 0.0 Maces & Flails
 + Level 0.0 Polearms
 + Level 0.0 Staves
 + Level 0.0 Ranged Weapons
 + Level 0.0 Throwing
 + Level 0.0 Armour
 + Level 4.4 Dodging
 + Level 0.0 Stealth
 + Level 0.0 Shields
 + Level 0.0 Unarmed Combat
 + Level 4.8 Spellcasting
 + Level 5.3 Conjurations
 + Level 0.0 Hexes
 + Level 0.0 Summonings
 + Level 0.0 Necromancy
 + Level 0.0 Translocations
 + Level 0.0 Transmutations
 + Level 0.0 Fire Magic
 + Level 0.0 Ice Magic
 + Level 0.0 Air Magic
 + Level 0.0 Earth Magic
 + Level 0.0 Poison Magic
 + Level 0.1 Invocations
 + Level 0.0 Evocations


You had 8 spell levels left.
You knew the following spells:

 Your Spells              Type           Power      Damage    Failure   Level
a - Kiss of Death         Conj/Necr      36%        2d8       9%          1

Your spell library contained the following spells:

 Spells                   Type           Power      Damage    Failure   Level
 Momentum Strike          Conj/Tloc      18%        3d8       13%         2
 Hailstorm                Conj/Ice       9%         3d4       26%         3


Dungeon Overview and Level Annotations

Branches:
Dungeon (1/15)

Altars:


Innate Abilities, Weirdness & Mutations

You have very sharp teeth.
Your uncanny sense of smell can sniff out nearby items.
Your experience applies equally to all skills.


Message History

The kobold hits you but does no damage.
You barely miss the kobold.
The kobold is severely wounded.
The kobold hits you but does no damage.
You hit the kobold.
You kill the kobold!
You closely miss the frilled lizard. The frilled lizard closely misses you.
You closely miss the frilled lizard. You closely miss the frilled lizard.
The frilled lizard closely misses you.
You hit the frilled lizard.
You kill the frilled lizard!
You slash the kobold!
You kill the kobold!
Items here: ( )) ††.
d - 3 stones
e - a +0 dagger A goblin comes into view.
It is wielding a +2 dagger of venom.
The goblin shouts!
Found a stone staircase leading down.
The goblin hits you with a +2 dagger of venom.
You barely miss the goblin.
The goblin hits you with a +2 dagger of venom.
You are lethally poisoned!
You hit the goblin.
The goblin is moderately wounded.
You feel very sick. The goblin closely misses you.
You closely miss the goblin.
The goblin is moderately wounded.
You feel very sick.
The goblin hits you with a +2 dagger of venom.
* * * LOW HITPOINT WARNING * * *
You slash the goblin!
You kill the goblin!
* * * LOW HITPOINT WARNING * * *
You feel sick.
* * * LOW HITPOINT WARNING * * *
You feel sick.
You see here a +2 dagger of venom.
You die...

.. ... .... ..... .#
..........######## #.#
#.#.#.#.##......# #.#
...............# #.#
#.#.#.#.##......###.#
.........#..........# #
.#.#.#.#)##..........# ##
..>.....@.#..........###.
.#.#.#.#.###.........'..>
..........).........####
#.#.#.#.#.###########...
.........# #.##
#.#.#.#.### #.#∆
######### #.## #.#. #.#.


There were no monsters in sight!

Vanquished Creatures
  A goblin (D:1)
  A frilled lizard (D:1)
  2 kobolds (D:1)
4 creatures vanquished.

Notes
Turn   | Place    | Note
-------+----------+-------------------------------------------
     0 | D:1      | ImCrs the Gnoll Reaver began the quest for the Orb.
     0 | D:1      | Reached XP level 1. HP: 20/20 MP: 6/6
    77 | D:1      | HP: 1/20 [poisoned by a goblin]
    78 | D:1      | Succumbed to a goblin's poison

Illustrated notes

Levels and vault maps discovered:
D:1:      onia_arrival_mini_maze_b, layout_basic, st_stairs_11

Action                     || total
---------------------------++-------
  Melee: Falchion          ||    16
         Bite              ||     1
 Armour: Leather armour    ||     3
  Dodge: Dodged            ||     8
